← All builds
Front / Cortex / Economy first / OBSERVED BUILD

Standard front

Standard Front play: Bot Lab immediately, expanding economy with an Advanced Metal Extractor around 9:00, then defending the wider gap with bots like Thug, Grunt and Aggravator as the middle firms up.

#eco #defence · 170 distinct matches · 59 players · 65% of Cortex Front games · team won 42% of 172 · Recently observed

HOW TO PLAY IT

Key timing: Bot Lab by 0:40

  1. Take 3 mex, then wind before opening Bot Lab.
  2. Finish Bot Lab, start producing Thug, Grunt and Aggravator.
  3. Send early units to coast first to stop leaks, not straight to mid.
  4. Add Twin Guard and Radar Tower to hold the wider gap.
  5. Bring Advanced Metal Extractor online as army transitions to T2.

Phase by phase

TYPICAL OF ITS 170 GAMES
  1. 1
  2. 2
  3. 3
PLAY THE OPENING

Follow the example game's first 6:00 step by step: what to build now, what comes next, and where it goes. At 1× it keeps pace with your own game.

  1. 1

    Up to the Bot Lab

    Economy
    • Metal Extractor2Mex
    Order
    1. Bot LabBot Lab after 2 mex, 1 winddone ~0:40, middle half 0:34–0:46

    Some games also: wind (48%)

    By 0:24 in all: 2 mex

    The example game in this phase · 3 steps
    1. Mex ×2
    2. Wind ×2
    3. Bot LabBot Labdone 0:45 · typical 0:40
  2. 2

    Bot Lab to 5:00

    Economy
    • Metal Extractor4Mex
    • Wind Turbine4Wind
    Builders
    • Construction Bot3 Con bot
    • Graverobber2 Graverobber
    Army
    • Guard2 Guard
    • Thug6 Thug
    • Grunt4 Grunt
    • Aggravator3 Aggravator

    Some games also: con turret (43%) · Radar Tower (35%)

    By 5:00 in all: 6 mex · 5 wind

    The example game in this phase · 22 steps
    1. GruntGrunt ×3
    2. Wind
    3. GruntGrunt ×2
    4. Construction BotCon bot
    5. Mex
    6. Wind ×2
    7. Construction BotCon bot
    8. GraverobberGraverobber
    9. AggravatorAggravator ×6
    10. Mex
    11. AggravatorAggravator ×3
    12. Mex
    13. AggravatorAggravator
    14. GruntGrunt
    15. Construction BotCon bot ×2
    16. GraverobberGraverobber
    17. AggravatorAggravator ×6
    18. Mex
    19. AggravatorAggravator ×4
    20. Construction BotCon bot ×2
    21. GraverobberGraverobber
    22. GruntGrunt
  3. 3

    5:00 to 10:00

    Economy
    • Metal Extractor1Mex
    • Wind Turbine17Wind
    Builders
    • Construction Turret2 Con turret
    • Graverobber1 Graverobber
    • Construction Bot1 Con bot
    Army
    • Guard1 Guard
    • Grunt7 Grunt
    • Thug1 Thug

    Some games also: aggravator (44%) · energy storage (42%) · Twin Guard (38%) · converter (35%) · Radar Tower (34%)

    By 10:00 in all: 7 mex · 24 wind · 3 con turret

    The example game in this phase · 119 steps
    1. GruntGrunt ×20
    2. GraverobberGraverobber
    3. GruntGrunt
    4. Wind
    5. GruntGrunt ×2
    6. Wind ×2
    7. GruntGrunt ×2
    8. Wind ×2
    9. GraverobberGraverobber
    10. Wind ×2
    11. GruntGrunt
    12. Wind
    13. GruntGrunt
    14. Wind
    15. GruntGrunt
    16. Wind
    17. GruntGrunt
    18. Wind
    19. Con turret
    20. Wind
    21. GruntGrunt
    22. Wind ×2
    23. GraverobberGraverobber
    24. Wind ×3
    25. GruntGrunt
    26. Wind
    27. GraverobberGraverobber
    28. Wind ×2
    29. Converter
    30. Wind ×2
    31. Converter
    32. Wind ×2
    33. Converter
    34. Wind ×3
    35. GruntGrunt
    36. Wind
    37. GruntGrunt ×2
    38. Converter
    39. GruntGrunt ×3
    40. Wind
    41. GruntGrunt
    42. GraverobberGraverobber
    43. Con turret
    44. AggravatorAggravator
    45. Converter
    46. GruntGrunt
    47. CenturionCenturion
    48. Converter
    49. Construction BotCon bot
    50. Wind
    51. Converter
    52. Construction BotCon bot
    53. Converter
    54. Construction BotCon bot
    55. Wind
    56. Converter ×2
    57. Wind
    58. Construction BotCon bot
    59. Converter
    60. Wind
    61. Construction BotCon bot
    62. Wind ×2
    63. Converter
    64. Construction BotCon bot
    65. Converter
    66. Wind
    67. Converter
    68. Wind
    69. Construction BotCon bot
    70. Wind
    71. Converter
    72. Wind ×2
    73. Converter
    74. Construction BotCon bot
    75. Converter
    76. Construction BotCon bot
    77. Wind ×3
    78. Converter
    79. Wind
    80. Converter
    81. Wind
    82. GuardGuard
    83. Converter ×2
    84. Energy storage
    85. Wind ×3
    86. Advanced Metal ExtractorT2 mexdone 14:16
    87. Wind ×8
    88. GruntGrunt
    89. Converter
    90. Wind ×2
    91. GruntGrunt
    92. Wind ×2
    93. GruntGrunt
    94. Wind
    95. GruntGrunt
    96. Wind ×2
    97. Converter
    98. GruntGrunt
    99. Wind
    100. GruntGrunt
    101. Wind ×3
    102. GruntGrunt
    103. Wind ×2
    104. GruntGrunt
    105. Wind ×2
    106. GruntGrunt
    107. Wind
    108. GruntGrunt
    109. Wind ×2
    110. Converter
    111. Wind ×6
    112. Advanced Metal ExtractorT2 mex
    113. Wind ×2
    114. Converter
    115. Wind ×6
    116. Advanced Metal ExtractorT2 mex
    117. Wind ×4
    118. Advanced Metal ExtractorT2 mex
    119. Wind

Counts are medians over the build's games: half of them build more, half fewer. The example game is Hummell's (48 OS, 20/09/2026); pick another.

Team trades

IN AT LEAST 30% OF ITS GAMES

You hand over

Nothing regular.

You get

  • Tidal Generator4 Tidal from Pondfirst at 0:17 · in 66% of games
  • Advanced Construction Bot1 T2 con bot from Geo or Techfirst at 7:26 · in 67% of games

How it plays out

Typical game of this build, running totals by minute

Metal produced

010k20k30k
0:005:0010:0015:00

metal

Enemy metal destroyed

02.5k5k7.5k
0:005:0010:0015:00

metal

Own metal lost

05k10k
0:005:0010:0015:00

metal

172 games.

Show as table
ByMetal produced: This buildEnemy metal destroyed: This buildOwn metal lost: This build
1:0033100
2:0086700
3:0016368582
4:002700346346
5:003812927944
6:00506916851729
7:00638024952625
8:00767133083691
9:00908139044391
10:001085444245097
11:001279250825936
12:001497752977059
13:001737159477675
14:001987663318706
15:002280570109802
WHAT THE NUMBERS SAY

This build has the worst win rate of the roles shown and trails Suicide front on kills while losing nearly as much metal.

  • + Produces more metal than Suicide front by 15:00 (22286 vs 18297).
  • + T2 constructor lands slightly faster (7:41) than Suicide front's 8:07.
  • − Loses 9797 own metal by 15:00, close to what it destroys (6775).
  • − Wins only 40% of games, well below every other role shown.
THE EXAMPLE YOU ARE READING

Hummell

47.7 OS · 20/09/2026

Open source match ↗

7 received units · includes a constructor
148 metal received · 10767 energy received

Allied construction assistance is unknown. Timings are observations, not a promise of solo reproducibility.

Typical milestones

Bot Lab0:40Middle 50%: 0:34–0:46 · n=153
Advanced Metal Extractor9:06Middle 50%: 8:09–10:30 · n=132

Played most by

Hummell19games of this buildwatermeloans19games of this buildiLike2Eco12games of this buildCentientWaffle9games of this buildGeeGee7games of this build